 Dungeon Crawl Stone Soup version 0.17.1-3-g152610e (webtiles) character file.

289 grippy the Archer (level 6, -4/48 HPs)
             Began as a Centaur Hunter on Mar 31, 2016.
             Was an Initiate of Dithmenos.
             Killed from afar by Alipheese's ghost (15 damage)
             ... with a spray of energy
             ... on level 4 of the Dungeon.
             The game lasted 00:41:29 (3130 turns).

grippy the Archer (Centaur Hunter)                  Turns: 3130, Time: 00:41:30

Health: -4/48      AC:  6    Str: 15    XL:     6   Next: 9%
Magic:  6/6        EV:  9    Int: 15    God:    Dithmenos [......]
Gold:   131        SH:  0    Dex: 11    Spells: 0 memorised, 5 levels left

rFire  . . .     SeeInvis .     b - +0 short sword
rCold  . . .     Clarity  .     j - +0 ring mail
rNeg   . . .     SustAt   .     (no shield)
rPois  .         Gourm    .     (no helmet)
rElec  .         Spirit   .     (no cloak)
rCorr  .         Warding  .     r - +0 pair of gloves
rMut   .         Stasis   .     (no barding)
MR     .....                    (no amulet)
Stlth  +.........               (no ring)
                                s - ring of stealth

@: brilliant, very quick, not resistant to hostile enchantments, very unstealthy
A: hooves 3, deformed body, speed 2, tough skin 3
a: Renounce Religion


You were on level 4 of the Dungeon.
You worshipped Dithmenos.
Dithmenos was noncommittal.
You were not hungry.

You visited 1 branch of the dungeon, and saw 4 of its levels.

You collected 131 gold pieces.

Inventory:

Hand Weapons
 a - a +1 shortbow
 b - a +0 short sword (weapon)
Missiles
 d - 14 arrows
 u - 11 bolts
 y - 22 sling bullets
Armour
 c - a +0 leather armour
 j - a +0 ring mail (worn)
 r - a +0 pair of gloves (worn)
Jewellery
 s - a ring of stealth (left hand)
Scrolls
 f - 2 scrolls of amnesia {unknown}
 i - 4 scrolls of identify
 k - 3 scrolls of teleportation {unknown}
 t - a scroll of enchant armour {unknown}
 x - a scroll of immolation {unknown}
Potions
 h - a potion of curing
 l - a potion of brilliance
 n - a potion of invisibility
 p - a potion of degeneration {unknown}
 q - a potion of heal wounds {unknown}
 w - a potion of flight {unknown}
Comestibles
 e - 2 bread rations
 m - a meat ration
 o - a beef jerky
 v - a royal jelly


   Skills:
 + Level 2.1 Fighting
 + Level 0.6 Short Blades
 + Level 8.9 Bows
 + Level 1.0 Armour
 + Level 1.9 Dodging
 + Level 0.6 Stealth


You had 5 spell levels left.
You didn't know any spells.

Dungeon Overview and Level Annotations

Branches:
Dungeon (4/15)
 Temple: D:4-7

Altars:
Dithmenos
Sif Muna
Yredelemnul

Annotations:
D:4 Alipheese's ghost, novice NaCj


Innate Abilities, Weirdness & Mutations

You have hooves in place of feet.
Armour fits poorly on your strangely shaped body.
You cover ground very quickly.
You have extremely tough skin (AC +3).


Message History

Alipheese's ghost gestures at you while chanting.
The magic dart hits you!
You hit Alipheese's ghost but do no damage.
You kick Alipheese's ghost.
Alipheese's ghost is moderately damaged.
Alipheese's ghost hits you. Alipheese's ghost burns you.
You hit Alipheese's ghost.
Alipheese's ghost is heavily damaged.
Alipheese's ghost casts a spell at you. The magic dart hits you!
* * * LOW HITPOINT WARNING * * *
Drink which item? (? for menu, Esc to quit)
It was a potion of brilliance.
You feel clever all of a sudden.
Alipheese's ghost gestures at you while chanting.
The magic dart hits you!
* * * LOW HITPOINT WARNING * * *
Alipheese's ghost points at you and mumbles some strange words.
The spray of energy hits you!
You die...

#####.. ........
........ ........ ######
........ ########....#
........ #...........#
######## #...........# #
#.....@.....# #
##.....#W...# #
#.....#..$.# #
#.....#....# #
.......#....###########
..........(.............
........................
..............(....<....
.####......##########


You could see Alipheese's ghost.

Vanquished Creatures
  The ghost of Breadlance the Shield-Bearer, an amateur GrFi (D:3)
  A sky beast (D:3)
  A gnoll (D:1)
  2 oozes
  A worm (D:2)
  2 orcs (D:3)
  5 giant cockroaches
  3 goblins
  8 hobgoblins
  5 jackals
  A ball python (D:3)
  5 bats
  3 giant geckos
  3 giant newts (D:1)
  8 kobolds
  7 rats
56 creatures vanquished.

Notes
Turn   | Place    | Note
--------------------------------------------------------------
     0 | D:1      | grippy the Centaur Hunter began the quest for the Orb.
     0 | D:1      | Reached XP level 1. HP: 17/17 MP: 1/1
   231 | D:1      | Reached XP level 2. HP: 22/24 MP: 2/2
   271 | D:1      | Reached skill level 6 in Bows
   458 | D:1      | Reached XP level 3. HP: 27/29 MP: 3/3
   975 | D:2      | Found a shadowy altar of Dithmenos.
   984 | D:2      | Became a worshipper of Dithmenos the Shadowed
  1836 | D:3      | Noticed Breadlance's ghost (amateur GrFi)
  1881 | D:3      | Reached XP level 4. HP: 36/36 MP: 4/4
  2237 | D:3      | Killed Breadlance's ghost
  2237 | D:3      | Reached skill level 7 in Bows
  2237 | D:3      | Reached skill level 1 in Armour
  2237 | D:3      | Reached XP level 5. HP: 36/41 MP: 5/5
  2318 | D:3      | Reached skill level 8 in Bows
  2532 | D:3      | Found a basalt altar of Yredelemnul.
  2532 | D:3      | Found a deep blue altar of Sif Muna.
  2586 | D:3      | Noticed a sky beast
  2702 | D:3      | Killed a sky beast
  2702 | D:3      | Reached XP level 6. HP: 29/48 MP: 6/6
  3100 | D:4      | Noticed Alipheese's ghost (novice NaCj)
  3130 | D:4      | Killed from afar by Alipheese's ghost

Action                   |  1- 3 |  4- 6 || total
-------------------------+-------+-------++-------
Melee: Short sword       |    53 |    17 ||    70
 Fire: Shortbow          |   111 |    59 ||   170
  Use: Scroll            |     3 |     1 ||     4
       Potion            |       |     2 ||     2
  Eat: Chunk             |     2 |     1 ||     3
       Pizza             |       |     1 ||     1
